 Dungeon Crawl Stone Soup version 0.21.1-1-g345015f (webtiles) character file.

130 Lilu the Covert (level 4, -2/23 HPs)
             Began as a Spriggan Assassin on July 26, 2018.
             Was an Initiate of Fedhas.
             Splashed by a jelly's acid (8 damage)
             ... on level 3 of the Dungeon.
             The game lasted 00:18:52 (3877 turns).

Lilu the Covert (Spriggan Assassin)                 Turns: 3877, Time: 00:18:55

Health: -2/23      AC: -1    Str:  7    XL:     4   Next: 90%
Magic:  5/5        EV: 17    Int: 12    God:    Fedhas [......]
Gold:   113        SH:  0    Dex: 18    Spells: 3/3 levels left

rFire    . . .     SeeInvis +   a - +2 dagger
rCold    . . .     Gourm    .   (shield restricted)
rNeg     . . .     Faith    .   c - +0 robe
rPois    .         Spirit   .   (helmet restricted)
rElec    .         Reflect  .   d - +0 cloak
rCorr    .         Harm     .   (gloves unavailable)
MR       .....                  (boots unavailable)
Stlth    ++++......             (no amulet)
HPRegen  0.07/turn              (no ring)
MPRegen  0.09/turn              (no ring)

@: corroded, very quick
A: very small, unfitting armour, see invisible, herbivore, speed 3, slow
metabolism 2
a: Fungal Bloom, Renounce Religion


You were on level 3 of the Dungeon.
You worshipped Fedhas.
Fedhas was noncommittal.
You were not hungry.

You visited 1 branch of the dungeon, and saw 3 of its levels.

You collected 113 gold pieces.

Inventory:

Hand Weapons
 a - a +2 dagger (weapon)
 b - a +0 blowgun
 t - a +0 hand axe of freezing
Missiles
 e - 8 poisoned needles
 f - 2 curare-tipped needles
 h - 68 stones (quivered)
 j - 34 arrows
 s - 6 tomahawks
Armour
 c - a +0 robe (worn)
 d - a +0 cloak (worn)
Scrolls
 i - a scroll of remove curse {unknown}
 k - a scroll of amnesia {unknown}
 l - 4 scrolls of identify {unknown}
 n - a scroll of blinking {unknown}
Potions
 m - a potion of cancellation {unknown}
 o - a potion of curing {unknown}
 p - a potion of brilliance {unknown}
 q - 2 potions of ambrosia {unknown}
 r - a potion of agility {unknown}
Comestibles
 g - 5 rations


   Skills:
 - Level 2.1 Fighting
 - Level 3.5 Short Blades
 - Level 2.0 Throwing
 - Level 1.5 Dodging
 + Level 8.1 Stealth


You had 3 spell levels left.
You didn't know any spells.

Dungeon Overview and Level Annotations

Branches:
Dungeon (3/15)

Altars:
Fedhas
Nemelex Xobeh
Okawaru


Innate Abilities, Weirdness & Mutations

You are very small and have problems with some larger weapons.
You are too small for most types of armour.
You have supernaturally acute eyesight. (SInv)
You are a herbivore.
You cover ground extremely quickly.
You need consume almost no food.


Message History

The jelly misses you.
Fedhas appreciates ongoing decay.
You barely miss the jelly.
The jelly is lightly wounded.
The jelly misses you.
You barely miss the jelly.
The jelly is lightly wounded.
The jelly hits you but does no damage.
You hit the jelly.
Your hands burn!
The jelly is moderately wounded.
You hit the jelly but do no damage.
Your hands burn!
The jelly is moderately wounded.
The jelly completely misses you.
You hit the jelly.
Your hands burn!
The jelly is heavily wounded.
The jelly hits you.
* * * LOW HITPOINT WARNING * * *
The acid corrodes you!
You are splashed with acid!
The acid burns!
You die...
Fedhas appreciates your contribution to the ecosystem.

.#..............##.##
........<..####.##..#
...#######..........# ...#
##.....###.# #..# #.###.# #.#
#..## #÷# #.# #.# #...# #.# #.#
#.# ##..# #.# #.###.###### #.†#
#.# #.@J.....÷.# #..#
#.#######..###)### #..#
#..^....>..# #PP.# ### #..#
###.#####..###J#.# #..
#..#########># #......#.####.#
#.......)....#.....##.###.....[.
#..###########.######.# #..#####
#..# #.# #..# . #..# #.# #... ##


You could see a jelly.

Vanquished Creatures
  3 gnolls (D:2)
  2 adders
  A worm (D:2)
  5 dart slugs
  2 leopard geckos
  An orc (D:3)
  6 bats
  6 giant cockroaches
  10 hobgoblins
  7 jackals
  A quokka (D:3)
  A frilled lizard (D:1)
  10 goblins
  2 kobolds
  4 rats
61 creatures vanquished.

Vanquished Creatures (others)
  4 toadstools (D:3)
4 creatures vanquished.

Grand Total: 65 creatures vanquished

Notes
Turn   | Place    | Note
-------+----------+-------------------------------------------
     0 | D:1      | Lilu the Spriggan Assassin began the quest for the Orb.
     0 | D:1      | Reached XP level 1. HP: 10/10 MP: 2/2
    59 | D:1      | Reached skill level 6 in Stealth
   590 | D:1      | Reached XP level 2. HP: 15/15 MP: 3/3
  1047 | D:1      | Reached XP level 3. HP: 13/18 MP: 4/4
  2026 | D:2      | Reached skill level 7 in Stealth
  2042 | D:2      | Found a sparkling altar of Nemelex Xobeh.
  2205 | D:2      | Found an iron altar of Okawaru.
  2345 | D:2      | Reached XP level 4. HP: 21/23 MP: 5/5
  3566 | D:3      | Found a faded altar of an unknown god.
  3711 | D:3      | Reached skill level 8 in Stealth
  3817 | D:3      | Found a blossoming altar of Fedhas.
  3825 | D:3      | Became a worshipper of Fedhas Madash
  3877 | D:3      | Splashed by a jelly's acid

Skill      XL: |  1  2  3  4 |
---------------+-------------+-----
Stealth        | 6 7 8 |  8.1
Fighting       | 2 |  2.1
Short Blades   | 3 |  3.5
Throwing       | |  2.0
Dodging        | |  1.5

Action                   |  1- 3 |  4- 6 || total
-------------------------+-------+-------++-------
Melee: Dagger            |   126 |   118 ||   244
Invok: Fungal Bloom      |       |     1 ||     1
 Stab: Sleeping          |    11 |     8 ||    19
       Distracted        |     2 |       ||     2
  Eat: Ration            |       |     1 ||     1
Armor: Robe              |    12 |    10 ||    22
Dodge: Dodged            |    77 |    90 ||   167
